AoeStats
← josiahkane

Arena

509448681Analyzed
1v1 RM · 7d ago on Sep 26, 2026· 90m 46s· 2 players
Game mode
Random Map
Map size
Tiny (2 player)
Population
200
Speed
Normal
Resources
Standard
Victory
Conquest
Starting age
Dark Age
Ending age
Imperial Age
RankedLock teamsTeams togetherTeam positionsShared explorationLock speedFull tech treeHidden civsTurbo modeCheats
Victory
Defeat
🇫🇷 Wei · France
877
+15
🇬🇧 Bohemians · United Kingdom
861
-15
josiahkane
10:29 Feudal Age
11:10 Double-Bit Axe
12:51 Horse Collar
17:07 Castle Age
15:48 Loom
19:01 Padded Archer Armor
19:53 Wheelbarrow
22:22 Chemistry
26:07 Leather Archer Armor
26:31 Fletching
31:38 Imperial Age
43:02 Houfnice
44:24 Hand Cart
44:32 Town Watch
47:36 Town Patrol
53:00 Ballistics
52:36 Murder Holes
52:52 Masonry
52:49 Siege Engineers
64:44 Bodkin Arrow
82:02 Guilds
84:18 Wagenburg Tactics
84:37 Conscription
87:27 Bracer
jaxom
11:32 Feudal Age
9:47 Loom
13:35 Double-Bit Axe
13:43 Horse Collar
17:59 Castle Age
16:11 Gold Mining
16:26 Stone Mining
17:46 Fletching
17:57 Padded Archer Armor
19:28 Bow Saw
21:03 Gold Shaft Mining
22:14 Wheelbarrow
21:24 Town Watch
22:30 Bodkin Arrow
22:51 Leather Archer Armor
24:45 Leather Archer Armor
25:02 Ballistics
25:28 Treadmill Crane
27:02 Hand Cart
28:31 Light Cavalry
29:23 Bloodlines
29:13 Husbandry
30:10 Town Patrol
32:09 Thumb Ring
31:25 Elite Skirmisher
31:49 Light Cavalry
34:24 Forging
40:37 Iron Casting
40:07 Scale Barding Armor
46:00 Imperial Age
46:35 Heavy Hei Guang Cavalry
53:25 Stone Shaft Mining
52:53 Heavy Plow
54:20 Bracer
54:51 Pikeman
55:31 Squires
56:26 Ring Archer Armor
58:11 Blast Furnace
58:23 Chain Barding Armor
58:04 Scale Mail Armor
62:11 Hussar
64:44 Ming Guang Armor
65:24 Tuntian
65:45 Conscription
68:52 Chain Mail Armor
Connection lost

Rejoining the realm…

Still unreachable

The connection could not be restored.

Session expired

The server has moved on; the page needs a fresh start.